 Dungeon Crawl Stone Soup version 0.31-a0-549-gf98fd537a9 (webtiles) character file.

Game seed: 11090550996473291180

202 AdnanSaban the Cudgeller (level 5, 0/32 HPs)
             Began as a Gargoyle Fighter on Aug 16, 2023.
             Slain by an orc priest
             ... wielding a +0 trident
              (4 damage)
             ... on level 3 of the Dungeon.
             The game lasted 00:02:00 (2437 turns).

AdnanSaban the Cudgeller (Gargoyle Fighter)         Turns: 2437, Time: 00:02:00

Health: 0/32       AC: 14    Str: 22    XL:     5   Next: 80%
Magic:  5/5        EV:  8    Int:  8    God:
Gold:   180        SH:  4    Dex:  9    Spells: 4/4 levels left

rFire   . . .        a - +0 flail
rCold   . . .        c - +0 buckler
rNeg    + + .        q - +0 chain mail
rPois   ∞            (no helmet)
rElec   +            (no cloak)
rCorr   .            j - +0 pair of gloves
SInv    .            (no boots)
Will    .....        (no amulet) Stlth
                     h - ring of positive energy
HPRegen 0.25/turn    (no ring)
MPRegen 0.09/turn

%: no passive effects
@: no status effects
A: sickness immunity, AC +4, negative energy resistance 1, electricity
resistance, torment resistance 1, petrification resistance
a: no special abilities


You were on level 3 of the Dungeon.
You visited 1 branch of the dungeon, and saw 3 of its levels.

You collected 180 gold pieces.

Inventory:

Hand Weapons
 a - a +0 flail (weapon)
Armour
 c - a +0 buckler (worn)
 j - a +0 pair of gloves (worn)
 q - a +0 chain mail (worn)
Jewellery
 h - a ring of positive energy (left hand)
Scrolls
 e - 3 scrolls of teleportation {unknown}
 f - 3 scrolls of identify {unknown}
 g - 2 scrolls of poison {unknown}
 n - a scroll of fear {unknown}
Potions
 d - 2 potions of might
 i - 2 potions of curing {unknown}
 k - a potion of ambrosia {unknown}
 l - a potion of invisibility {unknown}
 m - a potion of degeneration {unknown}
 o - 2 potions of heal wounds {unknown}
 p - a potion of lignification {unknown}


   Skills:
 + Level 3.5 Fighting
 + Level 4.7 Maces & Flails
 + Level 4.0 Armour
 + Level 0.7 Dodging
 + Level 0.1 Stealth
 + Level 3.8 Shields


You had 4 spell levels left.
You didn't know any spells.
Your spell library was empty.

Dungeon Overview and Level Annotations

Branches:
Dungeon (3/15)

Altars:

Annotations:
D:3 2 transporters


Innate Abilities, Weirdness & Mutations

You are immune to sickness and miasma.
Your stone body is resilient. (AC +4)
You are immune to poison.
You resist negative energy. (rN+)
You are resistant to electric shocks. (rElec)
You are resistant to unholy torment.
You are immune to petrification.


Message History

You block the bat's attack. The bat completely misses you.
The bat hits you but does no damage. The bat attacks as you move away!
The bat hits you but does no damage. You block the bat's attack.
The bat hits you but does no damage. The bat closely misses you.
The bat hits you. The bat hits you but does no damage.
The bat attacks as you move away! The bat hits you but does no damage. x3
The bat misses you. The bat hits you but does no damage. x2
The bat closely misses you. The bat barely misses you.
The bat closely misses you. You block the bat's attack.
You block the bat's attack. The bat barely misses you.
The bat hits you but does no damage. You block the bat's attack.
The bat attacks as you move away! The bat closely misses you.
The bat barely misses you. The bat hits you but does no damage.
There is an escape hatch in the ceiling here.
You sock the bat!
You kill the bat!
You see here a bat corpse.
There is an escape hatch in the ceiling here.
You hit the orc.
You kill the orc!
You block the orc priest's attack.
Things that are here:
a +0 short sword; a bat corpse You completely miss the orc priest.
The orc priest calls down the wrath of Beogh upon you.
Beogh smites you!
Ouch! That really hurt!
* * * LOW HITPOINT WARNING * * *
You are too injured to fight recklessly!
You are too injured to fight recklessly!
You closely miss the orc priest.
The orc priest hits you with a +0 trident.
You die...

# ##############
.)...........####
#)##.#.........<###############
#.##.#####......@o............#
#.##.#####[......o..#########.###
........##(..).####.# #.#..
..##.##........####.# ######.#.#
..##.######.........# #....(....
..##.# #.......###.# #.####.##.
..##.# #.#####.# #.# #o#.. ..#
... #.# #.. #.... o.. .## #.#
#.## ###..


You could see an orc priest and an orc.

Vanquished Creatures
  2 orc priests (D:3)
  Jessica (D:3)
  An orc wizard (D:3)
  An adder (D:2)
  3 worms
  8 orcs
  8 ball pythons
  7 bats
  7 endoplasms
  2 goblins (D:1)
  11 hobgoblins
  4 kobolds
  2 quokkas (D:1)
  2 frilled lizards (D:1)
  7 rats
66 creatures vanquished.

Notes
Turn   | Place    | Note
-------+----------+-------------------------------------------
     0 | D:1      | AdnanSaban the Gargoyle Fighter began the quest for the
                  | Orb.
     0 | D:1      | Reached XP level 1. HP: 14/14 MP: 1/1
   236 | D:1      | Reached XP level 2. HP: 6/19 MP: 2/2
   435 | D:1      | Found a faded altar of an unknown god.
   744 | D:1      | Reached XP level 3. HP: 23/23 MP: 3/3
  1645 | D:2      | Reached XP level 4. HP: 23/28 MP: 4/4
  2213 | D:3      | Reached XP level 5. HP: 29/32 MP: 5/5
  2251 | D:3      | Noticed Jessica
  2256 | D:3      | Killed Jessica
  2299 | D:3      | Found a transporter.
  2299 | D:3      | Noticed a kobold demonologist
  2318 | D:3      | Found a transporter.
  2371 | D:3      | Identified the +1 robe of Beyond {-Tele rF- Will+ Dex+9}
  2437 | D:3      | Slain by an orc priest

Illustrated notes

Levels and vault maps discovered:
D:1:      dpeg_cavernosity, layout_basic, ebering_ecumenical_altar_ruins,
          serial_curves, eino_curves_04, eino_curves_03, lemuel_flame_loot_1
D:2:      kennysheep_big_flooded_room, layout_basic, kennysheep_path_1,
          minmay_octomino_j4
D:3:      gammafunk_wand_slinger, layout_loops_ring,
          mainiacjoe_overflow_brackets, uniq_jessica

Skill      XL: |  1  2  3  4  5 |
---------------+----------------+-----
Maces & Flails | 3 4 |  4.7
Armour         | 4 |  4.0
Fighting       | |  3.5
Dodging        | |  0.7
Stealth        | |  0.1
Shields        | |  3.8

Action                     |  1- 3 |  4- 6 || total
---------------------------+-------+-------++-------
  Melee: Flail             |   149 |    81 ||   230
 Armour: Scale mail        |    82 |    34 ||   116
         Chain mail        |       |    37 ||    37
  Dodge: Dodged            |    94 |    53 ||   147
  Block: Buckler           |    38 |    31 ||    69

Table legend: (Time is in decaauts)
 A = Elapsed time spent in this place.
 B = Non-inter-level travel time spent in this place.
 C = Inter-level travel time spent in this place.
 D = Time resting spent in this place.
 E = Time spent auto-exploring this place.
 F = Levels seen in this place.
 G = Mean time per level.
                   A        B        C        D        E       F      G
               +--------+--------+--------+--------+--------+-----+--------+
         Total |   2502 |   2404 |     98 |      0 |   1868 |   3 |  834.0 |
       Dungeon |   2502 |   2404 |     98 |      0 |   1868 |   3 |  834.0 |
               +--------+--------+--------+--------+--------+-----+--------+

Top non-repeatable levels by time:
     D:1: 1331 daAuts
     D:2: 855 daAuts
     D:3: 316 daAuts
